 Dungeon Crawl Stone Soup version 0.24-a0-459-g225fefd530 (webtiles) character file.

Game seed: 17424635612017065066

32468 pk666 the Eclecticist (level 13, -3/63 HPs)
             Began as a Deep Elf Wizard on June 28, 2019.
             Was a High Priest of Vehumet.
             Slain by a komodo dragon (23 damage)
             ... on level 6 of the Lair of Beasts.
             The game lasted 01:15:35 (18605 turns).

pk666 the Eclecticist (Deep Elf Wizard)            Turns: 18605, Time: 01:15:37

Health: -3/63      AC:  5    Str:  4    XL:     13   Next: 31%
Magic:  16/34      EV: 19    Int: 29    God:    Vehumet [*****.]
Gold:   687        SH:  0    Dex: 13    Spells: 10/42 levels left

rFire    . . .     SeeInvis .   j - +1 dagger
rCold    . . .     Gourm    .   (no shield)
rNeg     . . .     Faith    .   a - +0 robe
rPois    +         Spirit   .   b - +0 hat
rElec    .         Reflect  .   i - +0 cloak
rCorr    .         Harm     .   f - +0 pair of gloves
MR       +....                  M - +0 pair of boots
Stlth    ++........             t - amulet of magic regeneration
HPRegen  0.20/turn              k - ring of poison resistance
MPRegen  0.49/turn              (no ring)

@: no status effects
A: no striking features
a: Renounce Religion


You were on level 6 of the Lair of Beasts.
You worshipped Vehumet.
Vehumet was extremely pleased with you.
You were very hungry.

You visited 3 branches of the dungeon, and saw 17 of its levels.

You collected 874 gold pieces.
You spent 187 gold pieces at shops.

Inventory:

Hand Weapons
 j - a +1 dagger (weapon)
Armour
 a - a +0 robe (worn)
 b - a +0 hat (worn)
 f - a +0 pair of gloves (worn)
 i - a +0 cloak (worn)
 M - a +0 pair of boots (worn)
Jewellery
 g - an uncursed amulet of the acrobat
 k - a ring of poison resistance (left hand)
 p - a +3 amulet of reflection
 t - an amulet of magic regeneration (around neck)
Wands
 z - a wand of disintegration (14)
 A - a wand of acid (21)
 D - a wand of polymorph (10)
 F - a wand of flame (13)
 G - a wand of random effects (20)
 H - a wand of iceblast (7)
Scrolls
 e - 4 scrolls of identify
 l - 3 scrolls of remove curse
 n - 5 scrolls of enchant weapon
 r - 2 scrolls of random uselessness {unknown}
 u - 2 scrolls of teleportation
 y - 5 scrolls of amnesia
 B - a scroll of noise {unknown}
 C - a scroll of fog {unknown}
 I - a scroll of immolation {unknown}
 K - a scroll of acquirement {unknown}
 L - 2 scrolls of fear {unknown}
Potions
 c - 3 potions of might
 h - 2 potions of lignification
 m - a potion of magic
 o - 2 potions of flight
 s - 2 potions of cancellation
 v - 4 potions of curing
 w - 3 potions of haste
 x - a potion of agility
 E - a potion of mutation
Comestibles
 d - 28 rations


   Skills:
 + Level 11.6 Dodging
 - Level 2.4 Stealth
 + Level 15.0 Spellcasting
 + Level 12.5 Conjurations
   Level 1.1 Summonings
 - Level 3.0 Translocations
 + Level 12.3 Fire Magic
 - Level 2.0 Air Magic
 - Level 4.0 Earth Magic
 - Level 3.0 Poison Magic


You had 10 spell levels left.
You knew the following spells:

 Your Spells              Type           Power        Failure   Level  Hunger
a - Magic Dart            Conj           ####         0%          1    None
b - Blink                 Tloc           N/A          1%          2    None
c - Conjure Flame         Conj/Fire      #######.     1%          3    None
d - Mephitic Cloud        Conj/Pois/Air  ######..     1%          3    None
e - Fireball              Conj/Fire      #######...   1%          5    None
f - Venom Bolt            Conj/Pois      ######....   1%          5    None
g - Iron Shot             Conj/Erth      ######....   3%          6    ###....
h - Orb of Destruction    Conj           #######...   3%          7    #####..

Your spell library contained the following spells:

 Spells                   Type           Power        Failure   Level  Hunger
 Olgreb's Toxic Radiance  Pois           #####...     1%          4    None
 Flame Tongue             Conj/Fire      #####        0%          1    None
 Throw Flame              Conj/Fire      ######       0%          2    None
 Freeze                   Ice            ###.         1%          1    None
 Throw Frost              Conj/Ice       ######       1%          2    None
 Inner Flame              Hex/Fire       ######..     1%          3    None
 Static Discharge         Conj/Air       ######..     1%          3    None
 Sticky Flame             Conj/Fire      #######.     1%          4    None
 Throw Icicle             Conj/Ice       ######..     1%          4    None
 Bolt of Magma            Conj/Fire/Erth ######....   1%          5    None
 Iskenderun's Battlesphe  Conj/Chrm      ######..     1%          5    None
 Lightning Bolt           Conj/Air       ######....   1%          5    None
 Animate Skeleton         Necr           N/A          2%          1    None
 Pain                     Necr           ###.         2%          1    None
 Call Imp                 Summ           ####....     2%          2    None
 Slow                     Hex            ###.....     3%          2    None
 Ozocubu's Armour         Chrm/Ice       ###.....     7%          3    None
 Regeneration             Chrm/Necr      ###.......   7%          3    None
 Vampiric Draining        Necr           ###.......   7%          3    None
 Summon Ice Beast         Ice/Summ       ###.....     19%         4    None
 Animate Dead             Necr           N/A          22%         4    None
 Ignition                 Fire           #######...   24%         8    ######.
 Spellforged Servitor     Conj/Summ      ######....   28%         7    #####..
 Shatter                  Erth           #####.....   100%        9    #######
 Tornado                  Air            ####......   100%        9    #######


Dungeon Overview and Level Annotations

Branches:
Dungeon (11/15)            Temple (1/1) D:7            Lair (4/6) D:11
 Shoals (0/4) Lair:3        Snake (0/4) Lair:3          Orc (0/2) D:10

Altars:
Ashenzari
Cheibriados
Dithmenos
Elyvilon
Fedhas
Gozag
Hepliaklqana
Kikubaaqudgha
Makhleb
Nemelex Xobeh
Okawaru
Qazlal
Ru
Sif Muna
Trog
Uskayaw
Vehumet
Wu Jian
Xom
Yredelemnul
Zin
The Shining One

Shops:
D:8 *

Annotations:
Lair:1 1 runed translucent door, Xysuja Ciut's ghost, journeyman NaFE
Lair:4 3 runed translucent doors, Atiagead's ghost, adept DrCj
Lair:6 Kirke


Message History

Your magical contamination has completely faded away.
A yak comes into view.
A yak comes into view.
A yak comes into view. 2 yaks come into view.
The yak bellows!
A yak comes into view.
Found 2 potions of agility.
A komodo dragon comes into view.
The komodo dragon hisses angrily.
Found a papyrus book.
Found a stone staircase leading up.
A water moccasin comes into view.
Found a scroll labeled DOPNA DUTSAS.
Casting: Blink (safe; 1% risk of failure)
Confirm with . or Enter, or press ? or * to list all spells.
You blink.
The water moccasin hisses angrily.
The yak bellows! x3
The water moccasin misses you. The water moccasin bites you!
The komodo dragon bites you!!
You die...

##........ ..
........#......
##.......#...P. ..
#.........!... ...
##............##...
#................. .#
#...?.<........#.. ..##
#.....@:..P...#..##P..#
##....SlY.....##.......
#........##..#........
#....Y..Y.#..#........
#.....Y..Y.#tY.#........
#.#.....Y...Y.....Y.....
##.................t.Y.%
##.....................
#.....................


You could see a komodo dragon, 7 yaks, a water moccasin and a crocodile.

Vanquished Creatures
  5 hydras
  Harold (Lair:1)
  A catoblepas (Lair:6)
  2 two-headed ogres (D:10)
  3 death yaks (D:11)
  Sonja (Lair:3)
  An ugly thing (D:11)
  2 manticores (D:11)
  2 merfolk sirens (Lair:3)
  3 black mambas
  A centaur zombie (D:10)
  6 spiny frogs
  A rime drake (Lair:4)
  A komodo dragon (Lair:2)
  4 trolls
  2 merfolk (Lair:3)
  A polar bear (Lair:4)
  Grinder (D:3)
  10 blink frogs (Lair:4)
  6 hippogriffs
  A spriggan (D:7)
  2 shadows
  4 wyverns
  28 yaks
  A basilisk (Lair:3)
  Eustachio (D:6)
  Grum (D:10)
  A warg (D:10)
  10 water moccasins
  6 porcupines
  7 orc warriors
  8 ice beasts
  3 sky beasts
  4 black bears
  3 ogres
  A phantom (D:9)
  4 wolves (D:10)
  2 centaurs
  6 crocodiles
  A big kobold (D:10)
  11 bullfrogs
  A wyvern skeleton (D:11)
  4 scorpions
  9 killer bees
  16 wights
  2 howler monkeys (D:6)
  7 crimson imps
  5 hounds
  A bullfrog zombie (D:8)
  10 orc wizards
  3 bullfrog skeletons
  7 orc priests
  A centaur skeleton (D:6)
  Terence (D:3)
  4 iguanas
  6 worker ants
  A hound zombie (D:8)
  2 hound skeletons
  A worker ant zombie (D:10)
  3 gnolls (D:6)
  6 adders
  An ooze (D:4)
  An adder skeleton (D:4)
  2 worms
  A dart slug (D:3)
  2 leopard geckos
  57 orcs
  6 bats
  4 giant cockroaches
  7 goblins
  9 hobgoblins
  13 jackals
  13 kobolds
  2 quokkas
  3 ball pythons
  5 frilled lizards
  A leopard gecko zombie (D:5)
  A quokka skeleton (D:4)
  A quokka zombie (D:8)
  5 rats
  A fungus (Lair:3)
384 creatures vanquished.

Vanquished Creatures (others)
  2 fungi
  7 plants
9 creatures vanquished.

Grand Total: 393 creatures vanquished

Notes
Turn   | Place    | Note
-------+----------+-------------------------------------------
     0 | D:1      | pk666 the Deep Elf Wizard began the quest for the Orb.
     0 | D:1      | Reached XP level 1. HP: 10/10 MP: 7/7
   189 | D:1      | Reached XP level 2. HP: 15/15 MP: 4/9
   798 | D:1      | Reached XP level 3. HP: 19/19 MP: 3/11
   801 | D:1      | Reached skill level 5 in Spellcasting
   893 | D:1      | Learned a level 2 spell: Blink
   897 | D:1      | Learned a level 3 spell: Conjure Flame
   901 | D:1      | Learned a level 3 spell: Mephitic Cloud
  1853 | D:2      | Found a snail-covered altar of Cheibriados.
  2145 | D:2      | Found a glowing golden altar of the Shining One.
  2185 | D:3      | Noticed Terence
  2768 | D:3      | Reached skill level 1 in Fire Magic
  2768 | D:3      | Reached skill level 1 in Poison Magic
  2768 | D:3      | Reached XP level 4. HP: 20/24 MP: 0/13
  2949 | D:3      | Noticed Grinder
  2970 | D:3      | Paralysed by Grinder for 2 turns
  3009 | D:3      | Reached skill level 1 in Air Magic
  3095 | D:3      | Reached XP level 5. HP: 27/28 MP: 5/14
  3322 | D:3      | Killed Terence
  3396 | D:3      | Found a deep blue altar of Sif Muna.
  3402 | D:3      | Found a bloodstained altar of Trog.
  3789 | D:3      | Killed Grinder
  3789 | D:3      | Reached XP level 6. HP: 23/32 MP: 2/16
  4476 | D:4      | Reached skill level 6 in Spellcasting
  4921 | D:4      | Reached XP level 7. HP: 36/36 MP: 15/18
  5240 | D:5      | Entered Level 5 of the Dungeon
  5756 | D:5      | Found a deep blue altar of Sif Muna.
  6300 | D:5      | Reached skill level 7 in Spellcasting
  6407 | D:5      | Found a sacrificial altar of Ru.
  6766 | D:5      | Reached skill level 5 in Conjurations
  6863 | D:5      | Reached XP level 8. HP: 41/41 MP: 4/21
  7132 | D:5      | Found a shattered altar of Ashenzari.
  7268 | D:6      | Reached skill level 8 in Spellcasting
  7268 | D:6      | Reached skill level 5 in Fire Magic
  7819 | D:6      | Found Zin's Purification Station.
  7821 | D:6      | Found a glowing silver altar of Zin.
  7824 | D:6      | Bought a potion of curing for 90 gold pieces
  7828 | D:6      | Noticed Eustachio
  7855 | D:6      | Killed Eustachio
  7855 | D:6      | Reached skill level 9 in Spellcasting
  7977 | D:6      | Reached XP level 9. HP: 45/45 MP: 15/24
  8015 | D:6      | Found a shimmering altar of Xom.
  8610 | D:7      | Found a staircase to the Ecumenical Temple.
  8617 | Temple   | Entered the Ecumenical Temple
  8624 | Temple   | Became a worshipper of Vehumet
  9203 | D:8      | Reached skill level 10 in Spellcasting
  9375 | D:8      | Found Upatuicog's General Store.
  9383 | D:8      | Bought a scroll of teleportation for 45 gold pieces
  9383 | D:8      | Bought a scroll of amnesia for 52 gold pieces
  9415 | D:8      | Learned a level 5 spell: Fireball
  9568 | D:8      | Reached * piety under Vehumet
  9568 | D:8      | Offered knowledge of Freeze by Vehumet.
 10660 | D:9      | Reached XP level 10. HP: 50/50 MP: 19/26
 10711 | D:9      | Reached skill level 5 in Dodging
 10813 | D:9      | Reached skill level 11 in Spellcasting
 10926 | D:9      | Found a white marble altar of Elyvilon.
 11276 | D:10     | Entered Level 10 of the Dungeon
 11357 | D:10     | Noticed a two-headed ogre
 11359 | D:10     | Noticed Grum
 11363 | D:10     | Killed Grum
 11363 | D:10     | Killed a two-headed ogre
 11364 | D:10     | Reached ** piety under Vehumet
 11364 | D:10     | Offered knowledge of Shock by Vehumet.
 11753 | D:10     | Found a staircase to the Orcish Mines.
 11795 | D:10     | Noticed a two-headed ogre
 11803 | D:10     | Reached skill level 12 in Spellcasting
 11803 | D:10     | Killed a two-headed ogre
 11803 | D:10     | Reached XP level 11. HP: 54/54 MP: 15/29
 11806 | D:10     | Offered knowledge of Searing Ray by Vehumet.
 11947 | D:10     | Reached skill level 10 in Conjurations
 12157 | D:10     | Reached *** piety under Vehumet
 12273 | D:10     | Reached skill level 10 in Fire Magic
 12552 | D:10     | Learned a level 5 spell: Venom Bolt
 12559 | D:10     | Learned a level 6 spell: Iron Shot
 12640 | D:11     | Offered knowledge of Fulminant Prism by Vehumet.
 12658 | D:11     | Noticed a death yak
 12831 | D:11     | Noticed a death yak
 12835 | D:11     | Noticed a death yak
 12843 | D:11     | Killed a death yak
 12843 | D:11     | Reached skill level 1 in Earth Magic
 13066 | D:11     | Noticed a red ugly thing
 13326 | D:11     | Learned a level 7 spell: Orb of Destruction
 13345 | D:11     | Killed a red ugly thing
 13345 | D:11     | Reached skill level 13 in Spellcasting
 13602 | D:11     | Found a staircase to the Lair.
 13696 | D:11     | Killed a death yak
 13891 | D:11     | Reached **** piety under Vehumet
 13894 | D:11     | Reached XP level 12. HP: 59/59 MP: 10/31
 13920 | D:11     | Killed a death yak
 13920 | D:11     | Offered knowledge of Dazzling Spray by Vehumet.
 14346 | Lair:1   | Entered Level 1 of the Lair of Beasts
 14409 | Lair:1   | Noticed Harold
 14425 | Lair:1   | Killed Harold
 15083 | Lair:1   | Found a runed translucent door.
 15083 | Lair:1   | Identified the +6 trident of Fee Simple {drain, rPois
                  | Dex+3}
 15085 | Lair:1   | Noticed Xysuja Ciut's ghost (journeyman NaFE)
 15376 | Lair:2   | Reached skill level 10 in Dodging
 15853 | Lair:2   | Reached skill level 14 in Spellcasting
 16354 | Lair:3   | Noticed a six-headed hydra
 16558 | Lair:3   | Killed a six-headed hydra
 16603 | Lair:3   | Noticed a four-headed hydra
 16613 | Lair:3   | Killed a four-headed hydra
 16701 | Lair:3   | Reached ***** piety under Vehumet
 16998 | Lair:3   | Noticed Sonja
 17000 | Lair:3   | Killed Sonja
 17000 | Lair:3   | Offered knowledge of Olgreb's Toxic Radiance by Vehumet.
 17021 | Lair:3   | Found a staircase to the Snake Pit.
 17153 | Lair:3   | Found a staircase to the Shoals.
 17613 | Lair:4   | Noticed a five-headed hydra
 17616 | Lair:4   | Killed a five-headed hydra
 17620 | Lair:4   | Reached XP level 13. HP: 63/63 MP: 7/33
 18050 | Lair:4   | Found a runed translucent gate.
 18050 | Lair:4   | Found a runed translucent gate.
 18050 | Lair:4   | Found a runed translucent gate.
 18258 | Lair:4   | Noticed Atiagead's ghost (adept DrCj)
 18548 | Lair:4   | You fall into a shaft and drop 2 floors!
 18548 | Lair:6   | Entered Level 6 of the Lair of Beasts
 18548 | Lair:6   | Noticed Kirke
 18573 | Lair:6   | Reached skill level 15 in Spellcasting
 18605 | Lair:6   | Slain by a komodo dragon

Levels and vault maps discovered:
D:1:      nicolae_arrival_somewhat_less_tricky_arrival, layout_rooms
D:2:      layout_basic, lemuel_round_altar, tso_altar, serial_aquarium,
          aquarium_bridge_square [aquarium_subvault_wall,
          aquarium_subvault_balcony, aquarium_subvault_bridge,
          aquarium_subvault_wall], aquarium_window_fake, aquarium_window_fake,
          aquarium_window_1, aquarium_view_2a, first_ration
D:3:      layout_basic, minitemple, minmay_misc_feat_rugged, uniq_grinder,
          uniq_terence
D:4:      layout_loops_cross, kennysheep_generic_room_9
D:5:      layout_layer_cave, nicolae_ru_awakened_eye, old_standard_altar,
          basic_altar
D:6:      layout_rooms, lemuel_crystal_altar, zin_purify, uniq_eustachio
D:7:      layout_loops_cross, temple_green, the_bakery
D:8:      layout_basic, serial_shops, shop_fountains
D:9:      layout_stronghold, elyvilon_altar_4
D:10:     layout_roguey, david_orc_3, uniq_grum
D:11:     layout_loops_ring, dpeg_lair_monsters, amethyst_killhole,
          kennysheep_nondescript
Temple:   cyrus_circular_temple
Lair:1:   layout_chaotic_city, ebering_ghost_funeral_grove, uniq_harold
Lair:2:   layout_chaotic_city, infiniplex_staircase_pool, grunt_megastairs_2,
          serial_bayou_shore_b, lemuel_fruit_fields
Lair:3:   layout_loops_ring, elwin_shoals_entry_stream, dummy_snake_entry,
          serial_bayou_shore_b, uniq_sonja
Lair:4:   layout_layer_cave, gammafunk_ghost_icy, grunt_megastairs_3
Lair:6:   evilmike_catoblepas_cave, layout_gridlike, gammafunk_ghost_hive,
          lemuel_fruit_fields, uniq_kirke

Skill      XL: |  1  2  3  4  5  6  7  8  9 10 11 12 13 |
---------------+----------------------------------------+-----
Dodging        | 3 4 7 9 11 | 11.6
Conjurations   | 2 3 5 6 8 9 10 12 | 12.5
Spellcasting   | 5 6 7 9 10 12 13 14 15 | 15.0
Fire Magic     | 1 2 4 6 8 9 10 11 12 | 12.3
Poison Magic   | 1 2 3 |  3.0
Air Magic      | 1 2 |  2.0
Translocations | 2 3 |  3.0
Earth Magic    | 3 4 |  4.0
Stealth        | |  2.4
Summonings     | |  1.1

Action                   |  1- 3 |  4- 6 |  7- 9 | 10-12 | 13-15 || total
-------------------------+-------+-------+-------+-------+-------++-------
Melee: Dagger            |       |     8 |     6 |    14 |       ||    28
 Cast: Magic Dart        |   137 |   139 |   488 |    81 |       ||   845
       Mephitic Cloud    |     2 |     4 |    16 |     7 |       ||    29
       Conjure Flame     |     1 |     7 |    29 |    30 |     3 ||    70
       Blink             |       |       |     1 |    13 |     4 ||    18
       Fireball          |       |       |    10 |   135 |    32 ||   177
       Venom Bolt        |       |       |       |    34 |     3 ||    37
       Iron Shot         |       |       |       |    15 |    10 ||    25
       Orb of Destructio |       |       |       |    12 |       ||    12
Evoke: Wand              |       |       |       |     4 |       ||     4
  Use: Scroll            |       |       |     3 |    11 |     2 ||    16
       Potion            |       |       |       |     2 |     3 ||     5
 Stab: Confused          |       |     1 |     2 |       |       ||     3
  Eat: Chunk             |     4 |     8 |    14 |    27 |     4 ||    57
       Ration            |       |       |     1 |     2 |       ||     3
Armor: Robe              |    21 |     7 |    12 |     6 |       ||    46
Dodge: Dodged            |    34 |    11 |    58 |    64 |     8 ||   175

Table legend:
 A = Non-vault XP
 B = Vault XP
 C = Vault XP percentage of total XP
 D = Non-vault monster count
 E = Vault monster count
 F = Vault count percentage of total count
                 A         B        C        D         E       F
            +---------+---------+-------+---------+---------+-------
      Total |   34889 |   11495 |  24.8 |     348 |      35 |   9.1
            +---------+---------+-------+---------+---------+-------
        D:1 |      53 |       0 |   0.0 |      32 |       0 |   0.0
        D:2 |      32 |       0 |   0.0 |      12 |       0 |   0.0
        D:3 |     130 |     317 |  70.9 |      20 |       2 |   9.1
        D:4 |     243 |       3 |   1.2 |      22 |       1 |   4.3
        D:5 |     815 |       0 |   0.0 |      21 |       0 |   0.0
        D:6 |    1008 |     197 |  16.3 |      33 |       1 |   2.9
        D:7 |     674 |     224 |  24.9 |      13 |       1 |   7.1
        D:8 |    1539 |       0 |   0.0 |      31 |       0 |   0.0
        D:9 |    1078 |       0 |   0.0 |      13 |       0 |   0.0
       D:10 |    7308 |    1279 |  14.9 |      50 |      12 |  19.4
       D:11 |    5224 |    3442 |  39.7 |      38 |       7 |  15.6
     Lair:1 |    2808 |     981 |  25.9 |      12 |       1 |   7.7
     Lair:2 |    2380 |     433 |  15.4 |      13 |       1 |   7.1
     Lair:3 |    4104 |    2408 |  37.0 |      13 |       5 |  27.8
     Lair:4 |    6040 |    1269 |  17.4 |      22 |       3 |  12.0
     Lair:6 |    1453 |     942 |  39.3 |       3 |       1 |  25.0
            +---------+---------+-------+---------+---------+-------
